 Dungeon Crawl Stone Soup version 0.27.1-1-g398f81649c (webtiles) character file.

Game seed: 10729178376420982057

114 ABBCCCDDDD the Skirmisher (level 4, 0/49 HPs)
             Began as an Octopode Warper on Sept 9, 2021.
             Succumbed to a scorpion's poison
             ... on level 4 of the Dungeon.
             The game lasted 00:03:11 (4049 turns).

ABBCCCDDDD the Skirmisher (Octopode Warper)         Turns: 4049, Time: 00:03:12

Health: 0/49       AC: 22    Str: 10    XL:     4   Next: 97%
Magic:  7/7        EV:  2    Int: 16    God:
Gold:   211        SH:  0    Dex: 11    Spells: 7/7 levels left

rFire    . . .     SeeInvis .     - Unarmed
rCold    . . .     Faith    .   (no shield)
rNeg     + + +     Spirit   .   (helmet currently unavailable)
rPois    +         Reflect  .   n - amulet of regeneration
rElec    .         Harm     .   (no ring)
rCorr    .         Rampage  .   (no ring)
Will     .....     NoTele   +   (no ring)
Stlth    +.........             (no ring)
HPRegen  1.16/turn              (no ring)
MPRegen  0.10/turn              (no ring)
                                (no ring)
                                (no ring)

@: brilliant, lethally poisoned (0 -> -5), tree-form
A: stationary, stasis, torment immunity, boosted hp, almost no armour,
(amphibious), 8 rings, (camouflage 1), (gelatinous body 1), (nimble swimmer 1),
(tentacles)
a: no special abilities


You were on level 4 of the Dungeon.
You were a tree.
You visited 1 branch of the dungeon, and saw 4 of its levels.

You collected 211 gold pieces.

Inventory:

Missiles
 b - 5 boomerangs of dispersal (quivered)
Jewellery
 n - an amulet of regeneration (around neck)
Scrolls
 a - a scroll of blinking
 c - 3 scrolls of teleportation {unknown}
 e - 3 scrolls of summoning {unknown}
 j - a scroll of fear {unknown}
 k - a scroll of identify {unknown}
 l - a scroll of vulnerability {unknown}
 o - a scroll of enchant armour {unknown}
Potions
 d - a potion of heal wounds {unknown}
 h - a potion of attraction {unknown}
 i - a potion of haste {unknown}
 m - a potion of curing {unknown}
 p - a potion of mutation {unknown}


   Skills:
 + Level 3.7 Fighting
 - Level 1.0 Throwing
 + Level 2.4 Dodging
 + Level 3.7 Unarmed Combat
 - Level 2.0 Spellcasting
 - Level 3.0 Translocations


You had 7 spell levels left.
You didn't know any spells.
Your spell library contained the following spells:

 Spells                   Type           Power      Damage    Failure   Level
 Apportation              Tloc           32%        N/A       6%          1
 Blink                    Tloc           N/A        N/A       9%          2
 Gell's Gravitas          Tloc           8%         N/A       19%         3
 Lesser Beckoning         Tloc           8%         N/A       19%         3
 Teleport Other           Tloc           16%        N/A       19%         3
 Animate Skeleton         Necr           4%         N/A       21%         1
 Corona                   Hex            2%         N/A       21%         1
 Summon Small Mammal      Summ           8%         N/A       21%         1
 Summon Guardian Golem    Hex/Summ       2%         N/A       52%         3
 Manifold Assault         Tloc           16%        N/A       86%         5
 Orb of Destruction       Conj           1%         N/A       100%        7
 Spellforged Servitor     Conj/Summ      1%         N/A       100%        7


Dungeon Overview and Level Annotations

Branches:
Dungeon (4/15)
 Temple: D:4-7

Altars:
Kikubaaqudgha
Vehumet

Annotations:
D:2 Terence


Innate Abilities, Weirdness & Mutations

You are a tree.
Your roots penetrate the ground, keeping you stationary.
You cannot be teleported.
You are immune to unholy pain and torment.
Your maximum health is greatly increased.
You cannot wear most types of armour.
((You are amphibious.))
You can wear up to eight rings at the same time.
((Your skin changes colour to match your surroundings (Stealth+).))
((Your rubbery body absorbs attacks. (AC +1, EV +1)))
((You are camouflaged near water. (Stealth+)))
((You have tentacles for arms and can constrict up to eight enemies at once.))


Message History

Found a ring mail.
Found 19 arrows.
A goblin comes into view. It is wielding a +0 club.
The goblin shouts!
A scorpion comes into view.
The goblin unwields a +0 club.
The goblin wields a +0 hunting sling.
The goblin shoots a stone.
The stone closely misses you.
You see here a +0 ring mail.
The goblin shoots a stone.
The stone barely misses you. The scorpion stings you.
You are poisoned.
The scorpion poisons you!
The goblin shoots a stone.
The stone barely misses you. The scorpion closely misses you.
You barely miss the scorpion. You grab the scorpion.
You constrict the scorpion.
You feel very sick. The scorpion stings you!
You tentacle-slap the scorpion but do no damage.
The scorpion is lightly wounded.
You constrict the scorpion.
You feel sick.
The goblin unwields a +0 hunting sling.
The goblin wields a +0 club.
The goblin misses you. The scorpion stings you.
You are more poisoned.
The scorpion poisons you!
You are too injured to fight recklessly!
You are too injured to fight recklessly!
It was a potion of brilliance.
You feel clever all of a sudden.
You constrict the scorpion.
You feel very sick. The scorpion completely misses you.
The goblin completely misses you.
You release your grip on the scorpion.
* * * LOW HITPOINT WARNING * * *
You feel very sick.
The goblin unwields a +0 club.
The goblin wields a +0 hunting sling.
The goblin shoots a stone.
The stone hits you!
* * * LOW HITPOINT WARNING * * *
It was a potion of lignification.
You turn into a tree.
Your roots penetrate the ground.
You die...

#.........# #
#.###.######### #
#........# #
.......#.#.# #
#####......#######
# ##.#........(# #
#.###.#####.# # #.
#[# #.###♣# #.s.#
#.#g# #.#.# ....#
##.... #....
#...## #. .#


You could see a scorpion and a goblin.

Levels and vault maps discovered:
D:1:      dpeg_arrival_rooms_b, layout_loops_ring,
          hellmonk_ecumenical_altar_watching_god, minmay_crystal_water
D:2:      layout_basic, basic_altar, uniq_robin, uniq_terence
D:3:      layout_loops_ring, mainiacjoe_overflow_catwalk
D:4:      layout_loops_ring, kb_xom_exploding_sheep, minmay_lizard_king

Notes
Turn   | Place    | Note
-------+----------+-------------------------------------------
     0 | D:1      | ABBCCCDDDD the Octopode Warper began the quest for the Orb.
     0 | D:1      | Reached XP level 1. HP: 14/14 MP: 3/3
   163 | D:1      | Reached XP level 2. HP: 20/20 MP: 5/5
   641 | D:1      | Found a faded altar of an unknown god.
   641 | D:1      | Noticed an eye of devastation
   670 | D:1      | Noticed a shining eye
   670 | D:1      | Noticed a great orb of eyes
   670 | D:1      | Noticed an eye of devastation
   761 | D:1      | Reached XP level 3. HP: 21/25 MP: 6/6
  1010 | D:2      | Found an ancient bone altar of Kikubaaqudgha.
  1140 | D:2      | Noticed Terence
  1496 | D:2      | Noticed Robin
  2145 | D:2      | Reached XP level 4. HP: 26/31 MP: 7/7
  2641 | D:2      | Killed Robin
  3447 | D:3      | Found a radiant altar of Vehumet.
  4041 | D:4      | Noticed a scorpion
  4048 | D:4      | HP: 1/33 [goblin/stone (7)]
  4049 | D:4      | Succumbed to a scorpion's poison

Table legend: (Time is in decaauts)
 A = Elapsed time spent in this place.
 B = Non-inter-level travel time spent in this place.
 C = Inter-level travel time spent in this place.
 D = Time resting spent in this place.
 E = Time spent auto-exploring this place.
 F = Levels seen in this place.
 G = Mean time per level.
                   A        B        C        D        E       F      G
               +--------+--------+--------+--------+--------+-----+--------+
         Total |   4041 |   3984 |     57 |    776 |   2713 |   4 | 1010.2 |
       Dungeon |   4041 |   3984 |     57 |    776 |   2713 |   4 | 1010.2 |
               +--------+--------+--------+--------+--------+-----+--------+

Top non-repeatable levels by time:
     D:2: 1831 daAuts
     D:1: 1308 daAuts
     D:3: 601 daAuts
     D:4: 299 daAuts

Table legend:
 A = Kills in this place as a percentage of kills in entire the game.
 B = Kills by you in this place as a percentage of kills by you in the entire game.
 C = Kills by friends in this place as a percentage of kills by friends in the entire game.
 D = Other kills in this place as a percentage of other kills in the entire game.
 E = Experience gained in this place as a percentage of experience gained in the entire game.
 F = Experience gained in this place divided by the number of levels of this place that you have seen.
                   A       B       C       D       E      F
               +-------+-------+-------+-------+-------+----------------------
         Total | 100.0 | 100.0 |   N/A |   N/A | 100.0 |  40.8
       Dungeon | 100.0 | 100.0 |   N/A |   N/A | 100.0 |  40.8
               +-------+-------+-------+-------+-------+----------------------

Action                   |  1- 3 |  4- 6 || total
-------------------------+-------+-------++-------
Melee: Unarmed           |    89 |    63 ||   152
       Tentacles         |    10 |    14 ||    24
       Constrict         |    23 |    18 ||    41
       Punch             |     2 |     2 ||     4
  Use: Potion            |       |     2 ||     2
 Stab: Sleeping          |     9 |     3 ||    12
Armor: Skin              |     9 |     5 ||    14
Dodge: Dodged            |    68 |    32 ||   100

Vanquished Creatures
  Robin (D:2)
  3 adders (D:2)
  An adder skeleton (D:4)
  A worm (D:3)
  An orc (D:3)
  2 endoplasms
  A giant cockroach (D:2)
  8 goblins
  11 hobgoblins
  7 jackals (D:1)
  2 quokkas
  3 ball pythons (D:2)
  8 bats
  8 frilled lizards
  3 kobolds
  5 rats
65 creatures vanquished.

Vanquished Creatures (others)
  7 plants (D:4)
7 creatures vanquished.

Grand Total: 72 creatures vanquished
